Unix NetHack Version 5.0.0-0 post-release - last build Jun 10 2026 00:39:30 (3ee93aec679c4c4259841fe613dc97188e26a321,branch:main).

Game began 2026-06-23 23:01:04, ended 2026-06-29 19:25:25.

Enkindle23, neutral female human Monk

                         ---------------------------------
                         |...|..|..|..|..........|..|....|
                         |...-..|..|..|..........|..|....|         -------
                         |...----|--|--..........--|-....|         |.....|
                         ................................|         |<....|
                         |...-|---%----.......-|-----|--.-#########|..@..|
                         |...|...|....|{......|..|  |..|.|#########......|
                         |...|!!.|....|.......|..|  |..|.|#        -------
                         |...|!%%|._..|.......-----+----.|
                         |...|%!%|...*|%...{.............|
                         |...|----------%------...------.|
                         |...|.(((|.)..|.|.(((|...|???.|.|
                         |...-.(((|....|%|..((|...|%)%.-.|
                         |...|.(((|....%.-.(((|...|?*(.|.|
                         |...-----------.------...------.|
                         |...............................|
                         ---------------------------------

Enkindle23 the Initiate         St:16 Dx:15 Co:13 In:9 Wi:14 Ch:9  Neutral
Dlvl:7  $:66 HP:51(54) Pw:42(43) AC:1  Xp:6 T:1342 

Latest messages:
 You drop an empty uncursed bag.
 Kopasker offers 1 gold piece for your bag.  Sell it? [ynaq] (n) n
 D - an empty uncursed bag.
 What do you want to call? [ik-mrt-vyzACDJKP-R or ?*] D
 Call a bag: 1
 You see here a scroll labeled JUYED AWK YACC (for sale, 67 zorkmids).
 You see here 2 tins (for sale, 16 zorkmids).
 You see here a scroll labeled JUYED AWK YACC (for sale, 89 zorkmids).
 You see here a yellowish brown gem (for sale, 1333 zorkmids).
 You see here a pruning hook (for sale, 7 zorkmids).
 You do not owe Kopasker anything.
 You see here a candy bar (for sale, 13 zorkmids).
 You see here a blindfold (for sale, 27 zorkmids).
 What do you want to drop? [$a-mrt-vyzA-DGHJKMP-S or ?*] P
 You drop an uncursed gray stone.
 Kopasker offers 1 gold piece for your gray stone.  Sell it? [ynaq] (n) n
 P - an uncursed gray stone.
 What do you want to call? [ik-mrt-vyzACDJKP-R or ?*] P
 Call a gray stone: 1
 You hear someone cursing shoplifters.
 What do you want to read? [ilmvyAQ or ?*] ?
 As you read the scroll, it disappears.
 This is a scroll of destroy armor!
 What do you want to destroy? [abM or ?*] ?
 Never mind.
 Your gloves vanish!
 What do you want to read? [ilmyAQ or ?*] l
 As you read the scroll, it disappears.
 This is an identify scroll.
 Q - an uncursed scroll of stinking cloud.
 What do you want to read? [imyAQ or ?*] ?
 As you read the scroll, it disappears.
 Your hands twitch.
 Call a scroll labeled VELOX NEB: enchant weapon
 What do you want to read? [imyQ or ?*] ?
 As you read the scroll, it disappears.
 You hear maniacal laughter in the distance.
 Call a scroll labeled VENZAR BORGAVVE: laughter
 What do you want to read? [iyQ or ?*] ?
 You read the scroll.
 The scroll erupts in a tower of flame!
 Boom!
 Your robe smoulders!
 Your lamp called 13 catches light!
 Really quit without saving? [yn] (n) y
 Do you want your possessions identified? [ynq] (y) y
 Do you want to see your attributes? [ynq] (y) y
 Do you want an account of creatures vanquished? [ynaq] (y) y
 Do you want to see your conduct and achievements? [ynq] (y) y
 Do you want to see the dungeon overview? [ynq] (y) y

Inventory:
 Coins    ('$')
  $ - 66 gold pieces
 Amulets  ('"')
  c - an uncursed amulet of guarding (being worn)
 Armor    ('[')
  M - an uncursed +1 pair of iron shoes (being worn)
  b - an uncursed burnt +3 robe (being worn)
 Comestibles  ('%')
  f - 7 uncursed apples
  e - 2 uncursed food rations
  h - 4 uncursed fortune cookies
  G - an uncursed lembas wafer
  g - 5 uncursed oranges
 Scrolls  ('?')
  i - an uncursed scroll of destroy armor
  Q - an uncursed scroll of stinking cloud
 Potions  ('!')
  d - 3 uncursed potions of healing
  r - an uncursed potion of object detection
  t - an uncursed potion of restore ability
  k - an uncursed potion of water
 Wands    ('/')
  H - a wand of create monster (0:13)
  B - a wand of make invisible (0:6)
 Tools    ('(')
  D - an empty uncursed sack
  S - an uncursed credit card
  j - a magic marker (0:19)
  u - an uncursed oil lamp (lit)
 Gems/Stones  ('*')
  J - an uncursed worthless piece of blue glass
  R - an uncursed worthless piece of orange glass
  C - 2 uncursed worthless pieces of red glass
  z - 2 uncursed worthless pieces of yellow glass
  K - 3 uncursed worthless pieces of yellowish brown glass
  P - an uncursed flint stone

Enkindle23 the Monk's attributes:

Background:
 You were an Initiate, a level 6 female human Monk.
 You were neutral, on a mission for Chih Sung-tzu
 who was opposed by Shan Lai Ching (lawful) and Huan Ti (chaotic).
 You were right-handed.
 You were in the Gnomish Mines, on level 7.
 You entered the dungeon 1342 turns ago.
 There was a full moon in effect when your adventure ended.
 You had 508 experience points, 132 more were needed to attain level 7.

Basics:
 You had 51 out of 54 hit points.
 You had 42 out of 43 energy points (spell power).
 Your armor class was 1.
 Your wallet contained 66 zorkmids.
 Autopickup was off.

Final Characteristics:
 Your strength was 16 (limit:18/100).
 Your dexterity was 15 (limit:18).
 Your constitution was 13 (limit:18).
 Your intelligence was 9 (limit:18).
 Your wisdom was 14 (limit:18).
 Your charisma was 9 (limit:18).

Final Status:
 You weren't hungry.
 You were unencumbered.
 You were bare handed.
 You had basic skill with martial arts and could have enhanced that.

Final Attributes:
 You were devoutly aligned.
 You were sleep resistant.
 You were poison resistant.
 You saw invisible.
 You were stealthy.
 You had a small defense bonus (+2).
 You were protected.
 Your spell casting was enhanced by wearing a robe.
 You were fast.
 You were lucky.
 You survived.

Miscellaneous:
 You didn't encounter any bones levels.
 Total elapsed playing time was 1 hour, 18 minutes and 19 seconds.

Major events:
 Turn
    1: Enkindle23 the neutral female human Monk entered the dungeon
  794: entered the Gnomish Mines
  813: attained the rank of Novice (level 3)
 1083: reached Mine Town
 1142: attained the rank of Initiate (level 6)
 1342: quit

Spells:
 Name                 Level Category     Fail Retention
 healing                1   healing        0%  91%-100%

Skills:
 Fighting Skills
   martial arts       [Basic]
 Weapon Skills
   quarterstaff       [Unskilled]
   spear              [Unskilled]
   crossbow           [Unskilled]
   shuriken           [Unskilled]
 Spellcasting Skills
   attack spells      [Unskilled]
   healing spells     [Basic]
   divination spells  [Unskilled]
   enchantment spells [Unskilled]
   clerical spells    [Unskilled]
   escape spells      [Unskilled]
   matter spells      [Unskilled]

Voluntary challenges:
 Character rerolling was not enabled.
 You followed a strict vegan diet.
 You never hit with a wielded weapon.
 You never genocided any monsters.
 You never polymorphed an object.
 You never changed form.
 You used no wishes.
Achievements:
 You entered a shop.
 You entered the Gnomish Mines.
 You attained the rank of Novice.
 You entered Minetown.
 You attained the rank of Initiate.
 You entered a temple.

 The Dungeons of Doom: levels 1 to 4
    Level 1:
    Level 2:
       A scroll shop, an altar to Chih Sung-tzu, a fountain.
    Level 3:
       A fountain, a sink.
    Level 4:
       Stairs down to The Gnomish Mines.
 The Gnomish Mines: levels 5 to 7
    Level 5:
    Level 6:
    Level 7: <- You were here.
       Many shops, a temple and an altar, some fountains.


Vanquished creatures:
  a small mimic
  a fire ant
  a violet fungus
  4 gnome leaders
  2 gnomish wizards
  a ghoul
  a kitten
  4 dwarves
  2 rothes
  a rabid rat
  a werejackal
  3 killer bees
  a gas spore
  2 hobbits
  a hobgoblin
  a brown mold
 16 gnomes
  3 jackals
  a fox
  a kobold
  2 grid bugs
  a lichen
  6 newts
57 creatures vanquished.

No species were genocided or became extinct.

Goodbye Enkindle23 the Monk...

You quit in The Gnomish Mines on dungeon level 7 with 2448 points,
and 66 pieces of gold, after 1342 moves.
You were level 6 with a maximum of 54 hit points when you quit.

